 Dungeon Crawl Stone Soup version 0.18-a0-1186-gd02dc51 (webtiles) character file.

1503 kae the Quickloader (level 9, -3/48 HPs)
             Began as a Kobold Hunter on Jan 28, 2016.
             Was an Initiate of Okawaru.
             Killed from afar by an orc wizard (4 damage)
             ... with a magic dart
             ... on level 6 of the Dungeon.
             The game lasted 00:12:55 (8706 turns).

kae the Quickloader (Kobold Hunter)                 Turns: 8706, Time: 00:12:55

Health: -3/48      AC:  6    Str: 11    XL:     9   Next: 8%
Magic:  9/9        EV: 15    Int:  9    God:    Okawaru [......]
Gold:   396        SH:  0    Dex: 19    Spells: 0 memorised, 8 levels left

rFire  . . .     SeeInvis .     b - +0 short sword
rCold  . . .     Gourm    .     g - -2 leather armour (curse)
rNeg   + . .     Faith    .     (shield restricted)
rPois  .         Spirit   .     s - +0 helmet
rElec  .         Dismiss  .     (no cloak)
rCorr  .         Reflect  .     A - +0 pair of gloves
SustAt .         Harm     .     (no boots)
MR     .....                    (no amulet)
Stlth  ++........               h - +3 ring of protection
                                l - ring of positive energy

@: slowed, very slow, not resistant to hostile enchantments, unstealthy
A: carnivore 3
a: Renounce Religion


You were on level 6 of the Dungeon.
You worshipped Okawaru.
Okawaru was noncommittal.
You were completely stuffed.

You visited 2 branches of the dungeon, and saw 7 of its levels.

You collected 396 gold pieces.

Inventory:

Hand Weapons
 a - a +2 hand crossbow
 b - a +0 short sword (weapon)
Armour
 c - a +1 leather armour
 g - a cursed -2 leather armour (worn)
 s - a +0 helmet (worn)
 A - a +0 pair of gloves (worn)
Jewellery
 h - a +3 ring of protection (right hand)
 l - a ring of positive energy (left hand)
 q - an uncursed ring of fire
Wands
 i - a wand of digging (6/24)
 w - a wand of flame (12/48)
Scrolls
 n - 2 scrolls of amnesia
 o - a scroll of remove curse
 y - a scroll of enchant weapon
Potions
 e - 5 potions of curing
 m - a potion of cancellation
 t - 2 potions of flight {unknown}
 u - a potion of poison {unknown}
 v - a potion of mutation {unknown}
 x - a potion of haste {unknown}
Comestibles
 f - 2 meat rations
 j - 2 beef jerkies
 k - 3 slices of pizza


   Skills:
 + Level 2.2 Fighting
 - Level 13.1 Crossbows
 - Level 2.4 Dodging
 - Level 1.3 Stealth


You had 8 spell levels left.
You didn't know any spells.

Dungeon Overview and Level Annotations

Branches:
Dungeon (6/15)             Temple (1/1) D:6

Altars:
Ashenzari
Cheibriados
Dithmenos
Elyvilon
Fedhas
Gozag
Kikubaaqudgha
Nemelex Xobeh
Okawaru
Qazlal
Ru
Trog
Xom
Zin
The Shining One


Innate Abilities, Weirdness & Mutations

You are small and have problems with some larger weapons.
You are carnivorous and can eat meat at any time.


Message History

The orc wizard blinks!
Drink which item? (? for menu, Esc to quit)
You feel better. The orc wizard closely misses you.
The giant cockroach barely misses you.
The orc wizard hits you but does no damage.
The giant cockroach misses you.
You closely miss the giant cockroach. The orc wizard closely misses you.
The giant cockroach barely misses you.
The orc wizard hits you but does no damage.
The giant cockroach barely misses you. The orc wizard closely misses you.
a - a +2 hand crossbow (weapon)
The giant cockroach bites you.
* * * LOW HITPOINT WARNING * * *
The orc wizard gestures at you while chanting.
The magic dart hits you!
* * * LOW HITPOINT WARNING * * *
b - a +0 short sword (weapon)
The orc wizard points at you and mumbles some strange words.
The magic dart hits you!
You die...

##.........# #_## *,***
.#.###..##.####.## *,* * .#.#
#..#..#.#.#.# *,*** ...#
#.....#..##.# *,,,, .###
#.....####.## ***,*
.#####.###.###.##******** *,*
.......# #.##.####,,,,,,* *,*
######## #.#.##so#*****,* *,* #
##'#.#.#@# *,* *,* # ##..##o####
*,# ***,* ## ##....##.# ###*.#
*,,,, .## ##........# ##.##.##
*,***
..####.........####......###*,* *
.....'.o.).....s((s(........,,***
..####.........####......#***,,,,
.## ##.......## ##.....# ***** ##
##.....## #.....#


You could see an orc wizard and a giant cockroach.

Vanquished Creatures
  The ghost of psellion the Slasher, an amateur HEWr (D:3)
  A centaur (D:5)
  4 ogres
  A giant frog (D:6)
  A scorpion (D:4)
  A crimson imp (D:5)
  2 hounds
  A jelly (D:5)
  3 orc priests
  Natasha (thrice) (D:2)
  6 orc wizards
  4 worker ants
  A hound zombie (D:6)
  2 hound skeletons
  Robin (D:4)
  4 gnolls
  6 adders
  2 shadow imps (D:5)
  4 oozes
  3 worms
  4 giant geckos
  16 orcs
  2 ball pythons
  7 giant cockroaches
  12 goblins
  13 hobgoblins
  12 jackals
  3 quokkas
  5 bats
  6 giant newts
  6 kobolds
  A quokka skeleton (D:6)
  14 rats
152 creatures vanquished.

Vanquished Creatures (others)
  An orc wizard (D:4)
  4 orcs (D:4)
5 creatures vanquished.

Grand Total: 157 creatures vanquished

Notes
Turn   | Place    | Note
--------------------------------------------------------------
     0 | D:1      | kae the Kobold Hunter began the quest for the Orb.
     0 | D:1      | Reached XP level 1. HP: 12/12 MP: 1/1
    22 | D:1      | Reached skill level 5 in Crossbows
   132 | D:1      | Reached XP level 2. HP: 17/17 MP: 2/2
   892 | D:1      | Reached XP level 3. HP: 13/21 MP: 3/3
  1157 | D:1      | Reached skill level 6 in Crossbows
  1306 | D:2      | Noticed Natasha
  1313 | D:2      | Killed Natasha
  1313 | D:2      | Reached XP level 4. HP: 3/26 MP: 4/4
  1906 | D:2      | Noticed Natasha
  1916 | D:2      | Killed Natasha
  1916 | D:2      | Reached skill level 7 in Crossbows
  1916 | D:2      | Reached XP level 5. HP: 30/30 MP: 5/5
  1927 | D:2      | Found a faded altar to an unknown god.
  2110 | D:2      | Noticed Natasha
  2121 | D:2      | Killed Natasha
  3163 | D:3      | Reached skill level 8 in Crossbows
  3547 | D:3      | Noticed psellion's ghost (amateur HEWr)
  3595 | D:2      | Reached XP level 6. HP: 15/35 MP: 6/6
  4109 | D:3      | Killed psellion's ghost
  4109 | D:3      | Reached skill level 9 in Crossbows
  4738 | D:4      | Noticed an ogre
  4746 | D:4      | Killed an ogre
  4746 | D:4      | Reached XP level 7. HP: 40/40 MP: 7/7
  4808 | D:4      | Reached skill level 10 in Crossbows
  5334 | D:4      | Noticed Robin
  5367 | D:4      | Killed Robin
  5510 | D:4      | Found a stormy altar of Qazlal.
  5616 | D:5      | Entered Level 5 of the Dungeon
  5652 | D:5      | Reached skill level 11 in Crossbows
  5652 | D:5      | Reached XP level 8. HP: 26/44 MP: 8/8
  6202 | D:5      | Reached skill level 12 in Crossbows
  8047 | D:6      | Found a staircase to the Ecumenical Temple.
  8077 | Temple   | Entered the Ecumenical Temple
  8135 | Temple   | Became a worshipper of Warmaster Okawaru
  8177 | D:6      | Reached XP level 9. HP: 48/48 MP: 9/9
  8275 | D:6      | Found a snail-covered altar of Cheibriados.
  8333 | D:6      | Reached skill level 13 in Crossbows
  8705 | D:6      | HP: 1/48 [orc wizard/magic dart (9)]
  8706 | D:6      | Killed from afar by an orc wizard

Vault maps used:
D:1:      dpeg_arrival_tiny_a
D:2:      ecumenical_altar_2, minmay_box_of_dots, uniq_natasha
D:3:      roderic_roman_lattice, hangedman_decor_growths
D:4:      nicolae_qazlal_eye_of_the_storm, uniq_robin
D:5:      first_bread
D:6:      marbit_many_paths, minmay_temple_entry_overgrown,
          corexii_hall_statues_u
Temple:   circular_temple_13

Action                   |  1- 3 |  4- 6 |  7- 9 || total
-------------------------+-------+-------+-------++-------
Melee: Short sword       |    65 |   251 |   220 ||   536
       Hand crossbow     |       |     1 |       ||     1
 Fire: Hand crossbow     |    18 |    55 |   153 ||   226
  Use: Scroll            |     3 |     7 |     5 ||    15
       Potion            |       |       |     5 ||     5
 Stab: Sleeping          |     1 |     6 |     1 ||     8
       Distracted        |       |       |     2 ||     2
  Eat: Chunk             |     8 |    12 |    13 ||    33
